AoeStats
← cheneysshotgun

Nomad

510000513Analyzed
2v2 RM · 4d ago on Sep 29, 2026· 57m 26s· 4 players
Game mode
Random Map
Map size
176×176
Population
200
Speed
Normal
Resources
Standard
Victory
Conquest
Starting age
Dark Age
Ending age
Imperial Age
RankedLock teamsTeams togetherTeam positionsShared explorationLock speedFull tech treeHidden civsTurbo modeCheats
Victory
Defeat
🇺🇸 Persians · United States
1077
+15
🇺🇸 Italians · United States
1058
+15
🇺🇸 Italians · United States
1051
-15
🇺🇸 Persians · United States
1049
-15
cheneysshotgun
4:45 Loom
14:27 Feudal Age
15:30 Double-Bit Axe
22:51 Castle Age
21:50 Scale Barding Armor
25:07 Bow Saw
24:40 Horse Collar
27:18 Wheelbarrow
26:17 Light Cavalry
28:24 Heavy Plow
31:13 Elite Skirmisher
34:12 Ballistics
36:35 Imperial Age
34:25 Fletching
34:37 Padded Archer Armor
35:12 Masonry
35:46 Bloodlines
36:45 Bodkin Arrow
37:12 Chain Barding Armor
38:21 Chemistry
37:13 Cavalier
39:09 Forging
41:44 Savar
44:43 Murder Holes
45:36 Conscription
billtoro21
9:26 Loom
13:51 Feudal Age
14:32 Double-Bit Axe
15:05 Fishing Lines
23:10 Castle Age
25:08 Wheelbarrow
25:22 Scale Mail Armor
25:06 Pikeman
27:23 Hand Cart
27:39 Town Watch
27:47 Gillnets
28:09 Medium Warships
28:21 Bow Saw
28:37 Forging
34:01 Chain Mail Armor
33:21 Light Cavalry
38:48 Imperial Age
36:37 Bloodlines
39:41 Onager
41:55 Conscription
41:22 Onager
43:19 Caravan
43:22 Hussar
44:23 Horse Collar
49:03 Murder Holes
49:17 Elite Genoese Crossbowman
51:11 Chemistry
50:31 Heavy Plow
51:37 Two-Man Saw
51:45 Thumb Ring
51:40 Fletching
51:51 Padded Archer Armor
53:31 Ballistics
Bone Charm
4:49 Loom
12:33 Feudal Age
13:29 Double-Bit Axe
16:10 Gold Mining
20:04 Castle Age
21:43 Husbandry
21:53 Bloodlines
21:59 Forging
21:54 Scale Barding Armor
22:58 Horse Collar
29:43 Iron Casting
29:28 Chain Barding Armor
33:22 Imperial Age
31:30 Wheelbarrow
30:40 Town Watch
33:15 Hand Cart
34:13 Gold Shaft Mining
36:49 Conscription
36:42 Town Patrol
38:37 Elite Skirmisher
39:37 Fletching
39:48 Padded Archer Armor
40:49 Blast Furnace
40:24 Plate Barding Armor
40:28 Heavy Camel Rider
45:18 Light Cavalry
48:18 Bodkin Arrow
48:39 Leather Archer Armor
51:16 Ring Archer Armor
51:04 Citadels
51:33 Hoardings
Goose14
12:31 Feudal Age
17:57 Castle Age
17:00 Double-Bit Axe
17:13 Stone Mining
19:26 Loom
21:40 Horse Collar
23:41 Wheelbarrow
23:03 Town Watch
24:21 Bloodlines
27:27 Fletching
27:38 Padded Archer Armor
27:47 Scale Barding Armor
27:06 Light Cavalry
28:56 Ballistics
32:24 Bodkin Arrow
32:45 Leather Archer Armor
32:50 Husbandry
33:14 Redemption
34:50 Chain Barding Armor
34:41 Forging
36:00 Heavy Plow
36:13 Bow Saw
40:10 Imperial Age
41:08 Iron Casting
42:14 Plate Barding Armor
48:11 Bracer
49:13 Blast Furnace
47:38 Hussar
52:56 Conscription
53:08 Conscription
Connection lost

Rejoining the realm…

Still unreachable

The connection could not be restored.

Session expired

The server has moved on; the page needs a fresh start.